 Dungeon Crawl Stone Soup version 0.18-a0-1354-gbc5753f (webtiles) character file.

0 ololoev the Ducker (level 1, -24/11 HPs)
             Began as a Spriggan Abyssal Knight on Feb 19, 2016.
             Was a Follower of Lugonu.
             Killed from afar by a wretched star (29 damage)
             ... with an orb of energy
             ... on level 5 of the Abyss.
             The game lasted 00:05:07 (443 turns).

ololoev the Ducker (Spriggan Abyssal Knight)         Turns: 443, Time: 00:05:08

Health: -24/11     AC:  2    Str:  8    XL:     1   Next: 0%
Magic:  3/3        EV: 18    Int: 13    God:    Lugonu [*.....]
Gold:   82         SH:  0    Dex: 15    Spells: 0 memorised, 0 levels left

rFire  . . .     SeeInvis +     a - +1 mace
rCold  . . .     Gourm    .     b - +0 robe
rNeg   + . .     Faith    .     (shield restricted)
rPois  .         Spirit   .     (helmet restricted)
rElec  .         Dismiss  .     (no cloak)
rCorr  .         Reflect  .     (gloves unavailable)
SustAt .         Harm     .     (boots unavailable)
MR     .....                    (no amulet)
Stlth  ..........               l - ring of positive energy
                                i - ring of loudness (curse)

@: non-regenerating, diseased, very quick, not resistant to hostile
enchantments, extremely unstealthy
A: unfitting armour, see invisible, herbivore 3, speed 3, slow metabolism 2
a: Depart the Abyss, Renounce Religion


Innate Abilities, Weirdness & Mutations

You are tiny and cannot use many weapons and most armour.
You have supernaturally acute eyesight.
You are an herbivore.
You cover ground extremely quickly.
You need consume almost no food.

Inventory:

Hand Weapons
 a - a +1 mace (weapon)
Armour
 b - a +0 robe (worn)
 j - a +2 plate armour of cold resistance
Jewellery
 i - a cursed ring of loudness (left hand)
 l - a ring of positive energy (right hand)
Scrolls
 d - a scroll of magic mapping {unknown}
 f - a scroll of enchant weapon {unknown}
 g - a scroll of blinking {unknown}
 h - a scroll of identify {unknown}
Potions
 e - a potion of berserk rage {unknown}
 k - a potion of agility {unknown}
Comestibles
 c - a bread ration


   Skills:
 + Level 2.4 Fighting
 + Level 1.3 Maces & Flails
 + Level 3.5 Dodging
 + Level 1.7 Invocations


You couldn't memorise any spells.
You didn't know any spells.


You were on level 5 of the Abyss.
You worshipped Lugonu.
Lugonu was aware of your devotion.
You were not hungry.

You visited 0 branches of the dungeon, and saw 0 of its levels.
You visited the Abyss 1 time.

You collected 82 gold pieces.

#.# ..# # # ##.#
.. .#. ..#. ...
...###...##..#
#.#*.#.#...#
#.#.......# .#
##..#.@# ..
.#......## .
.##...#..#...#.#
........#.##.....
.#..###.#...#..#.
#...#.#....# .# #
#..#.....## # ..#
##.....#.....
#.......#....##..

Notes
Turn   | Place    | Note
--------------------------------------------------------------
     0 | Abyss:1  | ololoev the Spriggan Abyssal Knight began the quest for the Orb.
     0 | Abyss:1  | Reached XP level 1. HP: 11/11 MP: 3/3
   191 | Abyss:4  | Found a corrupted altar of Lugonu.
   222 | Abyss:4  | Noticed a large abomination
   222 | Abyss:4  | Noticed an efreet
   229 | Abyss:5  | Entered Level 5 of the Abyss
   263 | Abyss:5  | Noticed a starcursed mass
   267 | Abyss:5  | Noticed a chaos spawn
   298 | Abyss:5  | Noticed a sun demon
   301 | Abyss:5  | Noticed an efreet
   303 | Abyss:5  | Noticed a ynoxinul
   308 | Abyss:5  | Noticed a brown ugly thing
   309 | Abyss:5  | Noticed a brown ugly thing
   309 | Abyss:5  | Noticed a brown very ugly thing
   309 | Abyss:5  | Noticed a tentacled starspawn
   309 | Abyss:5  | Noticed a brown very ugly thing
   310 | Abyss:5  | Noticed a brown very ugly thing
   313 | Abyss:5  | Noticed a smoke demon
   327 | Abyss:5  | Noticed a large abomination
   327 | Abyss:5  | Noticed a cacodemon
   334 | Abyss:5  | Noticed a small abomination
   335 | Abyss:5  | Noticed a small abomination
   353 | Abyss:5  | Noticed a lorocyproca
   378 | Abyss:5  | Noticed a small abomination
   380 | Abyss:5  | Noticed an eye of devastation
   381 | Abyss:5  | Noticed an ancient lich
   399 | Abyss:5  | Noticed an ancient zyme
   441 | Abyss:5  | Noticed a wretched star
   443 | Abyss:5  | Killed from afar by a wretched star

Dungeon Overview and Level Annotations

Branches:
Dungeon (0/15)

Altars:


Message History

The brown very ugly thing misses you.
A tentacle flies out from the starspawn's body!
A starspawn tentacle comes into view.
A cacodemon and a large abomination come into view.
Some rock shatters into small pieces.
You hear a grinding noise.
A small abomination comes into view.
A small abomination comes into view.
You hear a grinding noise.
The small abomination hits you!
Ouch! That really hurt!
You hear a grinding noise.
You hear a grinding noise.
Found a gateway leading out of the Abyss.
A lorocyproca comes into view.
The lorocyproca gives a chilling moan.
There is a gateway leading out of the Abyss here.
A small abomination comes into view.
An eye of devastation comes into view.
The eye of devastation turns its gaze towards you.
An ancient lich comes into view.
The small abomination completely misses you.
Found a scroll labeled HUEDO GE ZOWA.
You feel yourself growing ill in the presence of the ancient zyme.
An ancient zyme comes into view.
You feel ill.
Found a scimitar.
A lurking horror comes into view.
The lurking horror moves out of view.
Found a bubbling yellow potion.
You hear a shout!
You see here a bubbling yellow potion.
You hear a shout!
You hear a shout!
You hear a shout!
A wretched star comes into view.
The wretched star glows turbulently.
The orb of energy hits you!
Ouch! That really hurt!
You die...

You could see a wretched star.

Vanquished Creatures (others)
  2 starspawn tentacles (Abyss:5)
  5 starspawn tentacle segments (Abyss:5)
7 creatures vanquished.

Vault maps used:
Abyss:3:  grunt_abyss_rune_the_horror
Abyss:4:  hangedman_abyss_theft, evilmike_abyss_exit_11,
          hangedman_abyss_or_decor_jellyfish_corner, hangedman_decor_points
Abyss:5:  nicolae_abyss_rune_more_like_crabyss
